 Dungeon Crawl Stone Soup version 0.28.0-49-g6dfe1f597d (webtiles) character file.

Game seed: 16738494137967018051

169 Eitelfritz the Sneak (level 5, 0/32 HPs)
             Began as a Kobold Brigand on May 11, 2022.
             Killed from afar by an orc wizard (5 damage)
             ... with a puff of flame
             ... on level 3 of the Dungeon.
             The game lasted 00:05:49 (3353 turns).

Eitelfritz the Sneak (Kobold Brigand)               Turns: 3353, Time: 00:05:50

Health: 0/32       AC:  3    Str:  8    XL:     5   Next: 79%
Magic:  5/5        EV: 15    Int: 12    God:
Gold:   139        SH:  0    Dex: 19    Spells: 4/4 levels left

rFire   . . .      SeeInvis .   a - +2 dagger
rCold   . . .      Faith    .   (no shield)
rNeg    . . .      Spirit   .   b - +0 robe
rPois   .          Reflect  .   (no helmet)
rElec   .          Harm     .   c - +0 cloak
rCorr   .          Rampage  .   (no gloves)
Will    .....                   (no boots)
Stlth   +++.......              (no amulet)
HPRegen 0.10/turn               (no ring)
MPRegen 0.09/turn               (no ring)

@: confused
A: small, no large weapons, nightstalker 3
a: no special abilities


You were on level 3 of the Dungeon.
You visited 1 branch of the dungeon, and saw 3 of its levels.

You collected 139 gold pieces.

Inventory:

Hand Weapons
 a - a +2 dagger (weapon)
Missiles
 d - 3 poisoned darts (quivered)
 e - 2 curare-tipped darts
Armour
 b - a +0 robe (worn)
 c - a +0 cloak (worn)
Jewellery
 k - a ring of magical power
Scrolls
 f - a scroll of blinking {unknown}
 i - a scroll of enchant armour {unknown}
 j - a scroll of vulnerability {unknown}
 l - a scroll of amnesia {unknown}
 m - a scroll of enchant weapon {unknown}
 o - a scroll of identify {unknown}
 q - a scroll of teleportation {unknown}
Potions
 g - 2 potions of curing {unknown}
 h - a potion of brilliance {unknown}
 n - a potion of berserk rage {unknown}
 p - a potion of invisibility {unknown}


   Skills:
 + Level 2.8 Fighting
 + Level 4.5 Short Blades
 + Level 2.3 Throwing
 + Level 2.2 Dodging
 + Level 7.4 Stealth


You had 4 spell levels left.
You didn't know any spells.
Your spell library was empty.

Dungeon Overview and Level Annotations

Branches:
Dungeon (3/15)

Altars:


Innate Abilities, Weirdness & Mutations

You are small and have problems with some larger weapons.
You are completely attuned to the shadows.


Message History

The orc wizard closely misses you.
You miss the orc wizard.
The orc wizard is heavily wounded.
The orc wizard hits you with a +0 dagger.
You hit the orc wizard but do no damage.
The orc wizard is heavily wounded.
The orc wizard barely misses you.
You closely miss the orc wizard.
The orc wizard is heavily wounded.
You hit the orc wizard.
The orc wizard is severely wounded.
The orc wizard closely misses you.
You hit the orc wizard but do no damage.
The orc wizard is severely wounded.
The orc wizard misses you.
You barely miss the orc wizard.
The orc wizard is severely wounded.
The orc wizard completely misses you.
You hit the orc wizard but do no damage.
The orc wizard is severely wounded.
The orc wizard hits you with a +0 dagger.
You hit the orc wizard.
The orc wizard is severely wounded.
You hit the orc wizard.
The orc wizard is almost dead.
The orc wizard hits you but does no damage.
You barely miss the orc wizard.
The orc wizard is almost dead.
The orc wizard points at you and mumbles some strange words.
You are confused.
You bump into the rock wall.
The orc wizard hits you with a +0 dagger.
* * * LOW HITPOINT WARNING * * *
You bump into the rock wall.
The orc wizard hits you with a +0 dagger.
* * * LOW HITPOINT WARNING * * *
You bump into the rock wall.
The orc wizard casts a spell at you. The puff of flame hits you.
You die...

#....###.# #.# .. #.##.#
#.## #.# #. ##.##.# #..#
#.#
###.###o.##.####.###.####
.........##.............#
###.##..(.######.##.##.#
.........o(+.........##.#
####+#.....######..#.#..#
.....ooo@..#.#.#.##
o#########.#...#.# .o
#.##..#.#### #.##..#.....
#....>..###. #########


You could see an orc wizard and 2 orcs.

Vanquished Creatures
  Jessica (D:3)
  4 gnolls (D:2)
  2 adders (D:2)
  5 dart slugs
  2 orcs (D:3)
  7 bats
  3 endoplasms
  5 giant cockroaches
  4 goblins
  7 hobgoblins
  5 jackals (D:1)
  4 quokkas
  7 ball pythons
  5 frilled lizards
  5 kobolds
  5 rats
71 creatures vanquished.

Notes
Turn   | Place    | Note
-------+----------+-------------------------------------------
     0 | D:1      | Eitelfritz the Kobold Brigand began the quest for the Orb.
     0 | D:1      | Reached XP level 1. HP: 12/12 MP: 1/1
   150 | D:1      | Reached XP level 2. HP: 18/18 MP: 2/2
   482 | D:1      | Reached skill level 6 in Stealth
   547 | D:1      | Reached XP level 3. HP: 20/22 MP: 3/3
   673 | D:1      | Found a faded altar of an unknown god.
  1582 | D:2      | Reached XP level 4. HP: 27/27 MP: 4/4
  2258 | D:2      | Reached XP level 5. HP: 18/31 MP: 5/5
  2310 | D:2      | Reached skill level 7 in Stealth
  2933 | D:3      | Noticed Jessica
  2937 | D:3      | Killed Jessica
  3353 | D:3      | Killed from afar by an orc wizard

Illustrated notes

Levels and vault maps discovered:
D:1:      evilmike_arrival_plus, layout_basic, shapermc_ecumenical_altar_gd,
          minmay_heptomino_w4
D:2:      layout_loops_cross
D:3:      kennysheep_the_goblin_king, layout_basic, uniq_jessica

Skill      XL: |  1  2  3  4  5 |
---------------+----------------+-----
Short Blades   | 3 4 |  4.5
Stealth        | 6 7 |  7.4
Dodging        | 2 |  2.2
Fighting       | |  2.8
Throwing       | |  2.3

Action                   |  1- 3 |  4- 6 || total
-------------------------+-------+-------++-------
Melee: Dagger            |   112 |   100 ||   212
       Punch             |       |     1 ||     1
Throw: Dart              |       |    14 ||    14
 Stab: Sleeping          |    17 |    19 ||    36
       Distracted        |     1 |       ||     1
Armor: Robe              |    16 |    10 ||    26
Dodge: Dodged            |    69 |    46 ||   115
